 Dungeon Crawl Stone Soup version 0.22-a0-274-gf8199ec (webtiles) character file.

40 4thArraOfDagon the Chopper (level 3, 0/40 HPs)
             Began as a Formicid Warper on Mar 14, 2018.
             Slain by a mummy (8 damage)
             ... in an ossuary.
             The game lasted 00:02:03 (372 turns).

4thArraOfDagon the Chopper (Formicid Warper)         Turns: 372, Time: 00:02:04

Health: 0/40       AC: 21    Str: 15    XL:     3   Next: 72%
Magic:  6/6        EV:  2    Int: 13    God:
Gold:   91         SH:  0    Dex: 10    Spells: 6/6 levels left

rFire    . . .     SeeInvis .   a - +0 hand axe
rCold    . . .     Gourm    .   (no shield)
rNeg     + + +     Faith    .   (armour currently unavailable)
rPois    +         Spirit   .   (helmet unavailable)
rElec    .         Reflect  .   (cloak currently unavailable)
rCorr    .         Harm     .   (gloves currently unavailable)
MR       .....                  (boots currently unavailable)
Stlth    +.........             (no amulet)
HPRegen  0.13/turn              (no ring)
MPRegen  0.10/turn              (no ring)

@: tree-form
A: permanent stasis, dig shafts and tunnels, four strong arms
a: no special abilities


You were in an ossuary.
You were not hungry.
You were a tree.
You visited 1 branch of the dungeon, and saw 4 of its levels.
You also visited: Ossuary.

You collected 91 gold pieces.

Inventory:

Hand Weapons
 a - a +0 hand axe (weapon)
Missiles
 e - 5 tomahawks of dispersal (quivered)
Armour
 b - a +0 leather armour (melded)
Scrolls
 d - a scroll of blinking
 i - a scroll of identify
Comestibles
 f - 2 rations


   Skills:
 - Level 2.1 Fighting
 * Level 3.8 Axes
 - Level 1.0 Throwing
 - Level 1.1 Armour
 - Level 1.7 Dodging
 - Level 2.1 Spellcasting
   Level 2.6 Translocations


You had 6 spell levels left.
You didn't know any spells.

Dungeon Overview and Level Annotations

Branches:
Dungeon (4/15)
 Temple: D:4-7

Altars:


Innate Abilities, Weirdness & Mutations

You cannot be hasted, slowed, berserked, paralysed or teleported.
You can dig through walls and to a lower floor.
Your four strong arms can wield two-handed weapons with a shield.
((You have a pair of large antennae on your head. (SInv)))


Message History

You feel much better. The mummy hits you. x2
The kobold zombie hits you but does no damage.
The mummy hits you but does no damage.
Unknown command.
Unknown command.
You barely miss the mummy. You hit the orc zombie.
You hit the mummy but do no damage. You hit the mummy.
You hit the kobold zombie.
You destroy the kobold zombie!
The orc zombie hits you but does no damage.
Unknown command.
You barely miss the mummy. You barely miss the orc zombie.
You hit the mummy but do no damage. You hit the mummy.
You hit the gnoll zombie.
You destroy the gnoll zombie!
The mummy hits you but does no damage. The mummy hits you!
* * * LOW HITPOINT WARNING * * *
The orc zombie hits you but does no damage.
The mummy hits you!
You die...

..... ##..## ..
.....##....##..
...............
.............
............
#........#
#MMZ...# #♣M..#
#.Z..# #....#
#....# #....#
#....# #....#
#....# #.∩∩.#


You could see 3 mummies, a hobgoblin zombie and an orc zombie.

Vanquished Creatures
  A mummy (Ossuary)
  2 oozes
  2 dart slugs
  3 bats (D:1)
  2 giant cockroaches
  2 gnoll zombies (Ossuary)
  2 goblins (D:1)
  A frilled lizard (D:1)
  A hobgoblin zombie (Ossuary)
  2 kobold zombies (Ossuary)
  An orc zombie (Ossuary)
19 creatures vanquished.

Notes
Turn   | Place    | Note
-------+----------+-------------------------------------------
     0 | D:1      | 4thArraOfDagon the Formicid Warper began the quest for the Orb.
     0 | D:1      | Reached XP level 1. HP: 16/16 MP: 3/3
    81 | D:1      | Reached XP level 2. HP: 15/22 MP: 5/5
   104 | D:1      | You fall through a shaft!
   117 | D:2      | Reached skill level 3 in Axes
   189 | D:1      | Reached XP level 3. HP: 20/27 MP: 6/6
   342 | D:4      | Found a sand-covered staircase.
   348 | Ossuary  | Entered an ossuary
   372 | Ossuary  | Slain by a mummy

Vault maps used:
D:1:      mrwooster_arrival_statue
D:2:      tgw_kikubaaqudgha, uniq_sigmund, uniq_crazy_yiuf_cottage
D:3:      chequers_ecumenical_altar_island
D:4:      kennysheep_mini_moat, enter_ossuary_5, serial_undead, serial_undead_a,
          serial_undead_f, serial_undead_b, serial_undead_e
Ossuary:  ossuary_tomb_3

Skill      XL: |  1  2 |
---------------+-------+-----
Axes           | 3 |  3.8
Fighting       | |  2.1
Throwing       | |  1.0
Armour         | |  1.1
Dodging        | |  1.7
Spellcasting   | |  2.1
Translocations | |  2.6

Action                   || total
-------------------------++-------
Melee: Hand axe          ||    50
 Abil: Dig               ||     5
       Shaft Self        ||     1
  Use: Potion            ||     4
       Scroll            ||     3
Armor: Leather armour    ||     3
       Skin              ||    42
Dodge: Dodged            ||    31

Table legend:
 A = Spawn XP
 B = Non-spawn XP
 C = Spawn XP percentage of total XP
 D = Spawn monster count
 E = Non-spawn monster count
 F = Spawn count percentage of total count
 G = Total turns spent on level
                    A         B        C        D         E        F      G
               +---------+---------+-------+---------+---------+-------+---------
         Total |       0 |      58 |   0.0 |       0 |      19 |   0.0 |   372
               +---------+---------+-------+---------+---------+-------+---------
           D:1 |       0 |      22 |   0.0 |       0 |       9 |   0.0 |   144
           D:2 |       0 |      13 |   0.0 |       0 |       3 |   0.0 |   148
       Ossuary |       0 |      23 |   0.0 |       0 |       7 |   0.0 |    24
               +---------+---------+-------+---------+---------+-------+---------
